Workbook
Name _Toc210551163: '1 UT ASIC UNIPLES'!#REF!
Name _Toc210551163: '2 IOGESTION'!#REF!
Name _Toc210551163: '3 STS'!#REF!
Name _Toc210551172: '1 UT ASIC UNIPLES'!#REF!
Name _Toc210551172: '2 IOGESTION'!#REF!
Name _Toc210551172: '3 STS'!#REF!
Name class: #REF!
Name Compras_Suministro: #REF!
Name Diseño: #REF!
Name Honorarios: #REF!
Name ica: #REF!
Name Interventoria_Consultoria: #REF!
Name Obra_Pública: #REF!
Name OLE_LINK1: 'VERIFICACION ECONOMICA'!#REF!
Name Servicios_Generales: #REF!
Name Transporte_Carga: #REF!
Name Transporte_Restaurante: #REF!

Sheet 3 STS
A1: 3 | C1: FONDO NACIONAL DEL AHORRO
C3: VERIFICACIÓN REQUISITOS HABILITANTES FINANCIEROS
C5: OBJETO PROCESO | D5: ='DATOS DE ENTRADA'!F1 -> PRESTACIÓN DE SERVICIOS DE SOPORTE TÉCNICO INTEGRAL ESPECIALIZADO DE HARDWARE DE IBM Y SOFTWARE ONSITE
C6: NUMERO DE PROCESO | D6: ='DATOS DE ENTRADA'!F2 -> SUBASTA FNA-SG-SB-006-2020
C7: PROPONENTE | D7: =LOOKUP(A1,'DATOS DE ENTRADA'!A2:A5,'DATOS DE ENTRADA'!B2:B5) -> SOLUCIONES TECNOLOGIA Y SERVICIOS S A STS S A
C9: VERIFICACION EXPEDICIÓN REGISTRO UNICO DE PROPONENTES
C11: FECHA CIERRE PROCESO | D11: 44146
C12: FECHA EXPEDICION RUP | D12: 44145 | H12: =IF(D12>=M12,"CUMPLE","NO CUMPLE") -> CUMPLE | K12: =IF(H12="CUMPLE",0,1) -> 0 | M12: 44115 | N12: 30 dias anteriores
C13: FECHA ULTIMA RENOVACION | D13: 43991 | H13: =IF(D13<=M13,"CUMPLE","NO CUMPLE") -> CUMPLE | K13: =IF(H13="CUMPLE",0,1) -> 0 | M13: 44132 | N13: 10 dias habiles
B15: VERIFICACIÓN DE LA CAPACIDAD FINANCIERA | C15: DESCRIPCION | D15: CRITERIO | E15: ITEM | F15: VALOR | G15: INDICADOR | H15: RESULTADO VERIFICACION | I15: DOCUMENTO ELECTRONICO | J15: OBSERVACIONES
B16: REQUISITOS FINANCIEROS Y CAPACIDAD ORGANIZACIONAL. | C16: Capital de Trabajo ≥ 25% del POE | D16: ='DATOS DE ENTRADA'!F3*25% -> 1.0879919e+09 | E16: Activo Corriente | F16: 16613028000 | G16: =F16-F17 -> 6786399000 | H16: =IF(G16>=D16,"CUMPLE","NO CUMPLE") -> CUMPLE | I16: Registro Unico de Proponentes_1.pdf | K16: =IF(H16="CUMPLE",0,1) -> 0
E17: Pasivo Corriente | F17: 9826629000
B18: REQUISITOS FINANCIEROS Y CAPACIDAD ORGANIZACIONAL. | C18: Índice de Liquidez ≥ 1.20 | D18: 1.2 | E18: Activo Corriente | F18: =F16 -> 16613028000 | G18: =F18/F19 -> 1.6906131 | H18: =IF(G18>=D18,"CUMPLE","NO CUMPLE") -> CUMPLE | I18: Registro Unico de Proponentes_1.pdf | K18: =IF(H18="CUMPLE",0,1) -> 0
E19: Pasivo Corriente | F19: =F17 -> 9826629000
B20: REQUISITOS FINANCIEROS Y CAPACIDAD ORGANIZACIONAL. | C20: Nivel de Endeudamiento ≤ 0.80 | D20: 0.8 | E20: Pasivo Total | F20: 9826629000 | G20: =F20/F21 -> 0.52992559 | H20: =IF(G20<=D20,"CUMPLE","NO CUMPLE") -> CUMPLE | I20: Registro Unico de Proponentes_1.pdf | K20: =IF(H20="CUMPLE",0,1) -> 0
E21: Activo Total | F21: 18543413000
B22: REQUISITOS FINANCIEROS Y CAPACIDAD ORGANIZACIONAL. | C22: Rentabilidad sobre Patrimonio ≥ 0,08 | D22: 0.08 | E22: Utilidad Operacional | F22: 1105152000 | G22: =F22/F23 -> 0.12678437 | H22: =IF(G22>=D22,"CUMPLE","NO CUMPLE") -> CUMPLE | I22: Registro Unico de Proponentes_1.pdf | K22: =IF(H22="CUMPLE",0,1) -> 0
E23: Patrimonio | F23: 8716784000
B24: REQUISITOS FINANCIEROS Y CAPACIDAD ORGANIZACIONAL. | C24: Rentabilidad sobre Activo ≥ 0,02 | D24: 0.02 | E24: Utilidad Operacional | F24: =F22 -> 1105152000 | G24: =F24/F25 -> 0.05959809 | H24: =IF(G24>=D24,"CUMPLE","NO CUMPLE") -> CUMPLE | I24: Registro Unico de Proponentes_1.pdf | K24: =IF(H24="CUMPLE",0,1) -> 0
E25: Activo total | F25: =F21 -> 18543413000
E27: RESULTADO | G27: =IF(K27=0,"HABILITADO","NO HABILITADO") -> HABILITADO | K27: =SUM(K12:K25) -> 0
B30: ORIGINAL FIRMADO
B31: Elaboró: Ing. Sergio Alejandro Pino Rojas Profesional Master Nivel 1 Grupo ContrataciónFondo Nacional del Ahorro

Sheet 2 IOGESTION
A1: 2 | C1: FONDO NACIONAL DEL AHORRO
C3: VERIFICACIÓN REQUISITOS HABILITANTES FINANCIEROS
C5: OBJETO PROCESO | D5: ='DATOS DE ENTRADA'!F1 -> PRESTACIÓN DE SERVICIOS DE SOPORTE TÉCNICO INTEGRAL ESPECIALIZADO DE HARDWARE DE IBM Y SOFTWARE ONSITE
C6: NUMERO DE PROCESO | D6: ='DATOS DE ENTRADA'!F2 -> SUBASTA FNA-SG-SB-006-2020
C7: PROPONENTE | D7: =LOOKUP(A1,'DATOS DE ENTRADA'!A2:A5,'DATOS DE ENTRADA'!B2:B5) -> IOGESTION S A S
C9: VERIFICACION EXPEDICIÓN REGISTRO UNICO DE PROPONENTES
C11: FECHA CIERRE PROCESO | D11: 44146
C12: FECHA EXPEDICION RUP | D12: 44153 | H12: =IF(D12>=M12,"CUMPLE","NO CUMPLE") -> CUMPLE | K12: =IF(H12="CUMPLE",0,1) -> 0 | M12: 44115 | N12: 30 dias anteriores
C13: FECHA ULTIMA RENOVACION | D13: 43914 | H13: =IF(D13<=M13,"CUMPLE","NO CUMPLE") -> CUMPLE | K13: =IF(H13="CUMPLE",0,1) -> 0 | M13: 44132 | N13: 10 dias habiles
B15: VERIFICACIÓN DE LA CAPACIDAD FINANCIERA | C15: DESCRIPCION | D15: CRITERIO | E15: ITEM | F15: VALOR | G15: INDICADOR | H15: RESULTADO VERIFICACION | I15: DOCUMENTO ELECTRONICO | J15: OBSERVACIONES
B16: REQUISITOS FINANCIEROS Y CAPACIDAD ORGANIZACIONAL. | C16: Capital de Trabajo ≥ 25% del POE | D16: ='DATOS DE ENTRADA'!F3*25% -> 1.0879919e+09 | E16: Activo Corriente | F16: 4653546614 | G16: =F16-F17 -> 2717794976 | H16: =IF(G16>=D16,"CUMPLE","NO CUMPLE") -> CUMPLE | I16: RUP 2 sept 2020.pdf | J16: Subsanó mediante mensaje CO1.MSG.2177193, el requisito financiero, sin embargo esta incurso en causal de rechazo por son subsanar correctamente los requisitos juridicos. | K16: =IF(H16="CUMPLE",0,1) -> 0
E17: Pasivo Corriente | F17: 1935751638
B18: REQUISITOS FINANCIEROS Y CAPACIDAD ORGANIZACIONAL. | C18: Índice de Liquidez ≥ 1.20 | D18: 1.2 | E18: Activo Corriente | F18: =F16 -> 4653546614 | G18: =F18/F19 -> 2.4039998 | H18: =IF(G18>=D18,"CUMPLE","NO CUMPLE") -> CUMPLE | I18: RUP 2 sept 2020.pdf | K18: =IF(H18="CUMPLE",0,1) -> 0
E19: Pasivo Corriente | F19: =F17 -> 1935751638
B20: REQUISITOS FINANCIEROS Y CAPACIDAD ORGANIZACIONAL. | C20: Nivel de Endeudamiento ≤ 0.80 | D20: 0.8 | E20: Pasivo Total | F20: 3291636072 | G20: =F20/F21 -> 0.55832168 | H20: =IF(G20<=D20,"CUMPLE","NO CUMPLE") -> CUMPLE | I20: RUP 2 sept 2020.pdf | K20: =IF(H20="CUMPLE",0,1) -> 0
E21: Activo Total | F21: 5895590659
B22: REQUISITOS FINANCIEROS Y CAPACIDAD ORGANIZACIONAL. | C22: Rentabilidad sobre Patrimonio ≥ 0,08 | D22: 0.08 | E22: Utilidad Operacional | F22: 1374247730 | G22: =F22/F23 -> 0.52775411 | H22: =IF(G22>=D22,"CUMPLE","NO CUMPLE") -> CUMPLE | I22: RUP 2 sept 2020.pdf | K22: =IF(H22="CUMPLE",0,1) -> 0
E23: Patrimonio | F23: 2603954587
B24: REQUISITOS FINANCIEROS Y CAPACIDAD ORGANIZACIONAL. | C24: Rentabilidad sobre Activo ≥ 0,02 | D24: 0.02 | E24: Utilidad Operacional | F24: =F22 -> 1374247730 | G24: =F24/F25 -> 0.23309755 | H24: =IF(G24>=D24,"CUMPLE","NO CUMPLE") -> CUMPLE | I24: RUP 2 sept 2020.pdf | K24: =IF(H24="CUMPLE",0,1) -> 0
E25: Activo total | F25: =F21 -> 5895590659
E27: RESULTADO | G27: RECHAZADO | K27: =SUM(K12:K25) -> 0
B30: ORIGINAL FIRMADO
B31: Elaboró: Ing. Sergio Alejandro Pino Rojas Profesional Master Nivel 1 Grupo ContrataciónFondo Nacional del Ahorro

Sheet 1 UT ASIC UNIPLES
A1: 1 | C1: FONDO NACIONAL DEL AHORRO
C3: VERIFICACIÓN REQUISITOS HABILITANTES FINANCIEROS
C5: OBJETO PROCESO | D5: ='DATOS DE ENTRADA'!F1 -> PRESTACIÓN DE SERVICIOS DE SOPORTE TÉCNICO INTEGRAL ESPECIALIZADO DE HARDWARE DE IBM Y SOFTWARE ONSITE
C6: NUMERO DE PROCESO | D6: ='DATOS DE ENTRADA'!F2 -> SUBASTA FNA-SG-SB-006-2020
C7: PROPONENTE | D7: =LOOKUP(A1,'DATOS DE ENTRADA'!A2:A5,'DATOS DE ENTRADA'!B2:B5) -> UNIÓN TEMPORAL RENOVACIÓN ASIC – UNIPLES 2020
C9: VERIFICACION EXPEDICIÓN REGISTRO UNICO DE PROPONENTES
C11: FECHA CIERRE PROCESO | D11: 44146
C12: FECHA EXPEDICION RUP | D12: 44119 | G12: 44138 | I12: =IF(D12>=N12,"CUMPLE","NO CUMPLE") -> CUMPLE | L12: =IF(I12="CUMPLE",0,1) -> 0 | N12: 44115 | O12: 30 dias anteriores
C13: FECHA ULTIMA RENOVACION | D13: 44071 | G13: 44007 | I13: =IF(D13<=N13,"CUMPLE","NO CUMPLE") -> CUMPLE | L13: =IF(I13="CUMPLE",0,1) -> 0 | N13: 44132 | O13: 10 dias habiles
B15: VERIFICACIÓN DE LA CAPACIDAD FINANCIERA | C15: DESCRIPCION | D15: CRITERIO | E15: ITEM | F15: ASIC S.A.S. 60% | G15: UNIPLES S.A. 40% | H15: INDICADOR | I15: RESULTADO VERIFICACION | J15: DOCUMENTO ELECTRONICO | K15: OBSERVACIONES
B16: REQUISITOS FINANCIEROS Y CAPACIDAD ORGANIZACIONAL. | C16: Capital de Trabajo ≥ 25% del POE | D16: ='DATOS DE ENTRADA'!F3*25% -> 1.0879919e+09 | E16: Activo Corriente | F16: 53266659475 | G16: 47787010000 | H16: =(F16-F17)+(G16-G17) -> 38755674060 | I16: =IF(H16>=D16,"CUMPLE","NO CUMPLE") -> CUMPLE | J16: RUP ASIC - UNIPLES.zip | L16: =IF(I16="CUMPLE",0,1) -> 0
E17: Pasivo Corriente | F17: 42598314415 | G17: 19699681000
B18: REQUISITOS FINANCIEROS Y CAPACIDAD ORGANIZACIONAL. | C18: Índice de Liquidez ≥ 1.20 | D18: 1.2 | E18: Activo Corriente | F18: =F16 -> 53266659475 | G18: =G16 -> 47787010000 | H18: =S18 -> 1.5274085 | I18: =IF(H18>=D18,"CUMPLE","NO CUMPLE") -> CUMPLE | J18: RUP ASIC - UNIPLES.zip | L18: =IF(I18="CUMPLE",0,1) -> 0 | P18: =F18*60% -> 31959995685 | Q18: =G18*40% -> 19114804000 | R18: =SUM(P18:Q18) -> 51074799685 | S18: =R18/R19 -> 1.5274085
E19: Pasivo Corriente | F19: =F17 -> 42598314415 | G19: =G17 -> 19699681000 | P19: =F19*60% -> 25558988649 | Q19: =G19*40% -> 7879872400 | R19: =SUM(P19:Q19) -> 33438861049
B20: REQUISITOS FINANCIEROS Y CAPACIDAD ORGANIZACIONAL. | C20: Nivel de Endeudamiento ≤ 0.80 | D20: 0.8 | E20: Pasivo Total | F20: 54426222810 | G20: 33444707000 | H20: =S20 -> 0.68806692 | I20: =IF(H20<=D20,"CUMPLE","NO CUMPLE") -> CUMPLE | J20: RUP ASIC - UNIPLES.zip | L20: =IF(I20="CUMPLE",0,1) -> 0 | P20: =F20*60% -> 32655733686 | Q20: =G20*40% -> 13377882800 | R20: =SUM(P20:Q20) -> 46033616486 | S20: =R20/R21 -> 0.68806692
E21: Activo Total | F21: 73907802754 | G21: 56395342000 | P21: =F21*60% -> 4.4344682e+10 | Q21: =G21*40% -> 22558136800 | R21: =SUM(P21:Q21) -> 6.6902818e+10
B22: REQUISITOS FINANCIEROS Y CAPACIDAD ORGANIZACIONAL. | C22: Rentabilidad sobre Patrimonio ≥ 0,08 | D22: 0.08 | E22: Utilidad Operacional | F22: 95251488 | G22: 5331728000 | H22: =S22 -> 0.10493176 | I22: =IF(H22>=D22,"CUMPLE","NO CUMPLE") -> CUMPLE | J22: RUP ASIC - UNIPLES.zip | L22: =IF(I22="CUMPLE",0,1) -> 0 | P22: =F22*60% -> 57150893 | Q22: =G22*40% -> 2132691200 | R22: =SUM(P22:Q22) -> 2.1898421e+09 | S22: =R22/R23 -> 0.10493176
E23: Patrimonio | F23: 19481579944 | G23: 22950635000 | P23: =F23*60% -> 1.1688948e+10 | Q23: =G23*40% -> 9180254000 | R23: =SUM(P23:Q23) -> 2.0869202e+10
B24: REQUISITOS FINANCIEROS Y CAPACIDAD ORGANIZACIONAL. | C24: Rentabilidad sobre Activo ≥ 0,02 | D24: 0.02 | E24: Utilidad Operacional | F24: =F22 -> 95251488 | G24: =G22 -> 5331728000 | H24: =S24 -> 0.032731687 | I24: =IF(H24>=D24,"CUMPLE","NO CUMPLE") -> CUMPLE | J24: RUP ASIC - UNIPLES.zip | L24: =IF(I24="CUMPLE",0,1) -> 0 | P24: =F24*60% -> 57150893 | Q24: =G24*40% -> 2132691200 | R24: =SUM(P24:Q24) -> 2.1898421e+09 | S24: =R24/R25 -> 0.032731687
E25: Activo total | F25: =F21 -> 73907802754 | G25: =G21 -> 56395342000 | P25: =F25*60% -> 4.4344682e+10 | Q25: =G25*40% -> 22558136800 | R25: =SUM(P25:Q25) -> 6.6902818e+10
E27: RESULTADO | G27: =IF(L27=0,"HABILITADO","NO HABILITADO") -> HABILITADO | L27: =SUM(L12:L25) -> 0
B30: ORIGINAL FIRMADO
B31: Elaboró: Ing. Sergio Alejandro Pino Rojas Profesional Master Nivel 1 Grupo ContrataciónFondo Nacional del Ahorro

Sheet DATOS DE ENTRADA
A1: N° | B1: PROPONENTE | C1: RESULTADO | E1: OBJETO PROCESO | F1: PRESTACIÓN DE SERVICIOS DE SOPORTE TÉCNICO INTEGRAL ESPECIALIZADO DE HARDWARE DE IBM Y SOFTWARE ONSITE
A2: 1 | B2: UNIÓN TEMPORAL RENOVACIÓN ASIC – UNIPLES 2020 | C2: ='1 UT ASIC UNIPLES'!G27 -> HABILITADO | E2: NUMERO DE PROCESO | F2: SUBASTA FNA-SG-SB-006-2020
A3: 2 | B3: IOGESTION S A S | C3: ='2 IOGESTION'!G27 -> RECHAZADO | E3: PRESUPUESTO | F3: 4351967497
A4: 3 | B4: SOLUCIONES TECNOLOGIA Y SERVICIOS S A STS S A | C4: ='3 STS'!G27 -> HABILITADO

Sheet CONSOLIDADO FINANCIERO
A1: FONDO NACIONAL DEL AHORRO
A3: CONSOLIDADO VERIFICACIÓN TECNICA
A5: OBJETO PROCESO | C5: ='DATOS DE ENTRADA'!F1 -> PRESTACIÓN DE SERVICIOS DE SOPORTE TÉCNICO INTEGRAL ESPECIALIZADO DE HARDWARE DE IBM Y SOFTWARE ONSITE
A6: NUMERO DE PROCESO | C6: ='DATOS DE ENTRADA'!F2 -> SUBASTA FNA-SG-SB-006-2020
A8: N° | B8: PROPONENTE | C8: RESULTADO | D8: OBSERVACIONES
A9: 1 | B9: ='DATOS DE ENTRADA'!B2 -> UNIÓN TEMPORAL RENOVACIÓN ASIC – UNIPLES 2020 | C9: ='DATOS DE ENTRADA'!C2 -> HABILITADO | D9: N/A
A10: 2 | B10: ='DATOS DE ENTRADA'!B3 -> IOGESTION S A S | C10: ='DATOS DE ENTRADA'!C3 -> RECHAZADO | D10: ='2 IOGESTION'!J16 -> Subsanó mediante mensaje CO1.MSG.2177193, el requisito financiero, sin embargo esta incurso en causal de rechazo por son subsanar correctamente los requisitos juridicos.
A11: 3 | B11: ='DATOS DE ENTRADA'!B4 -> SOLUCIONES TECNOLOGIA Y SERVICIOS S A STS S A | C11: ='DATOS DE ENTRADA'!C4 -> HABILITADO | D11: N/A
A14: ORIGINAL FIRMADO
A15: Elaboró: Ing. Sergio Alejandro Pino Rojas Profesional Master Nivel 1 Grupo Contratación Fondo Nacional del Ahorro

Sheet CONSOLIDADO HABILITANTES
A1: FONDO NACIONAL DEL AHORRO
A3: CONSOLIDADO HABILITANTES
A5: OBJETO PROCESO | C5: ='DATOS DE ENTRADA'!F1 -> PRESTACIÓN DE SERVICIOS DE SOPORTE TÉCNICO INTEGRAL ESPECIALIZADO DE HARDWARE DE IBM Y SOFTWARE ONSITE
A6: NUMERO DE PROCESO | C6: ='DATOS DE ENTRADA'!F2 -> SUBASTA FNA-SG-SB-006-2020
A8: N° | B8: PROPONENTE | C8: FINANCIERA | D8: JURIDICA | E8: TECNICA | F8: ECONOMICA | G8: RESULTADO HABILITANTES
A9: 1 | B9: ='DATOS DE ENTRADA'!B2 -> UNIÓN TEMPORAL RENOVACIÓN ASIC – UNIPLES 2020 | C9: ='DATOS DE ENTRADA'!C2 -> HABILITADO
A10: 2 | B10: ='DATOS DE ENTRADA'!B3 -> IOGESTION S A S | C10: ='DATOS DE ENTRADA'!C3 -> RECHAZADO
A11: 3 | B11: ='DATOS DE ENTRADA'!B4 -> SOLUCIONES TECNOLOGIA Y SERVICIOS S A STS S A | C11: ='DATOS DE ENTRADA'!C4 -> HABILITADO
A12: 4 | B12: ='DATOS DE ENTRADA'!#REF! -> #REF! | C12: ='DATOS DE ENTRADA'!#REF! -> #REF!

Sheet VERIFICACION ECONOMICA
B4: VERIFICACIÓN ECONOMICA
E8: FNA | F8: 1 | G8: 2 | H8: 3 | I8: 4
A9: Item | B9: Descripción | C9: Unidad de Medida | D9: Cantidad | E9: Valor Unitario Sin IVA | F9: Valor Unitario Sin IVA | G9: Valor Unitario Sin IVA | H9: Valor Unitario Sin IVA | I9: Valor Unitario Sin IVA
A10: 1 | B10: Suministro (HW, SW ) | C10: Unidad | D10: 1 | E10: 352015820 | F10: 287297000 | H10: 352000000 | I10: 352000000 | K10: =IF(F10<=E10,0,1) -> 0 | L10: =IF(G10<=E10,0,1) -> 0 | M10: =IF(H10<=E10,0,1) -> 0 | N10: =IF(I10<=E10,0,1) -> 0
A11: 2 | B11: Servicios de Instalación, Implementación y Estabilizacion de la Solucion | C11: Unidad | D11: 1 | E11: 79588380 | F11: 125299900 | H11: 79588000 | I11: 79300000 | K11: =IF(F11<=E11,0,1) -> 1 | L11: =IF(G11<=E11,0,1) -> 0 | M11: =IF(H11<=E11,0,1) -> 0 | N11: =IF(I11<=E11,0,1) -> 0
A12: 3 | B12: Capacitación funcional y técnica de la solucion | C12: Unidad | D12: 1 | E12: 7724281 | F12: 106866000 | H12: 7560000 | I12: 7700000 | K12: =IF(F12<=E12,0,1) -> 1 | L12: =IF(G12<=E12,0,1) -> 0 | M12: =IF(H12<=E12,0,1) -> 0 | N12: =IF(I12<=E12,0,1) -> 0
A13: 4 | B13: Soporte Local (recurrente mensual) | C13: Meses | D13: 12 | E13: 12083734 | F13: 4869444 | H13: 12044000 | I13: 12000000 | K13: =IF(F13<=E13,0,1) -> 0 | L13: =IF(G13<=E13,0,1) -> 0 | M13: =IF(H13<=E13,0,1) -> 0 | N13: =IF(I13<=E13,0,1) -> 0
A14: TOTAL | E14: =SUM(E10:E13) -> 451412215 | F14: =SUM(F10:F13) -> 524332344 | G14: =SUM(G10:G13) -> 0 | H14: =SUM(H10:H13) -> 451192000 | I14: =SUM(I10:I13) -> 451000000 | K14: =SUM(K10:K13) -> 2 | L14: =SUM(L10:L13) -> 0 | M14: =SUM(M10:M13) -> 0 | N14: =SUM(N10:N13) -> 0
F15: =IF(K14>0,"RECHAZADO","HABILITADO") -> RECHAZADO | G15: =IF(L14>0,"RECHAZADO","HABILITADO") -> HABILITADO | H15: =IF(M14>0,"RECHAZADO","HABILITADO") -> HABILITADO | I15: =IF(N14>0,"RECHAZADO","HABILITADO") -> HABILITADO

Sheet ORDEN ELEGIBILIDAD
A1: FONDO NACIONAL DEL AHORRO
A3: ORDEN ELEGIBILIDAD
A5: OBJETO PROCESO | C5: ='DATOS DE ENTRADA'!F1 -> PRESTACIÓN DE SERVICIOS DE SOPORTE TÉCNICO INTEGRAL ESPECIALIZADO DE HARDWARE DE IBM Y SOFTWARE ONSITE
A6: NUMERO DE PROCESO | C6: ='DATOS DE ENTRADA'!F2 -> SUBASTA FNA-SG-SB-006-2020
A8: ORDEN ELEGIBILIDAD | B8: PROPONENTE | C8: RESULTADO HABILITANTES | D8: OFERTA ECONOMICA | E8: EFECTIVIDAD EN LA RECUPERACIÓN DE CARTERA HIPOTECARIA | F8: AREA DE LOCALIZACIÓN CON PERSONAL EXCLUSIVO FNA | G8: APOYO A LA INDUSTRIA NACIONAL | H8: FACTOR ADICIONAL PERSONAL EN CONDICIÓN DE DISCAPACIDAD | I8: TOTAL FACTORES DE CALIFICACIÓN
A9: 1 | C9: HABILITADO | D9: =#REF! -> #REF! | E9: =#REF! -> #REF! | F9: =#REF! -> #REF! | G9: =#REF! -> #REF! | H9: =#REF! -> #REF!
A10: 2 | C10: HABILITADO | D10: =#REF! -> #REF! | E10: =#REF! -> #REF! | F10: =#REF! -> #REF! | G10: =#REF! -> #REF! | H10: =#REF! -> #REF!
A11: 3 | C11: HABILITADO | D11: =#REF! -> #REF! | E11: =#REF! -> #REF! | F11: =#REF! -> #REF! | G11: =#REF! -> #REF! | H11: =#REF! -> #REF!
A12: 4 | C12: HABILITADO | D12: =#REF! -> #REF! | E12: =#REF! -> #REF! | F12: =#REF! -> #REF! | G12: =#REF! -> #REF! | H12: =#REF! -> #REF!
